 Dungeon Crawl Stone Soup version 0.26-a0-1181-gd376ed14c5 (webtiles) character file.

Game seed: 16404464001340913815

57204 Marmelada07 the Unseen (level 14, 0/127 HPs)
             Began as a Naga Earth Elementalist on Dec 26, 2020.
             Was a High Priest of Cheibriados.
             Killed from afar by a molten gargoyle (2 damage)
             ... with a bolt of magma
             ... on level 6 of the Lair of Beasts.
             The game lasted 00:45:05 (24767 turns).

Marmelada07 the Unseen (Naga Earth Elementalist)   Turns: 24767, Time: 00:45:05

Health: 0/127      AC: 19    Str: 21    XL:     14   Next: 85%
Magic:  17/30      EV:  8    Int: 38    God:    Cheibriados [*****.]
Gold:   817        SH: 13    Dex: 24    Spells: 8/23 levels left

rFire    + + +     SeeInvis +   K - +3 dagger
rCold    . . .     Faith    .   e - +0 kite shield
rNeg     . . .     Spirit   .   E - +5 robe "Rebezxanex" {rF+++ Str-2 SInv}
rPois    +         Reflect  .   y - +0 helmet
rElec    .         Harm     .   k - +2 cloak {rF+}
rCorr    .         Rampage  .   T - +0 pair of gloves
Will     +++..                  U - +0 barding
Stlth    ++++++++..             r - amulet of magic regeneration
HPRegen  0.31/turn              H - ring of magical power
MPRegen  0.47/turn              S - ring of the Mage {Wiz Will++ Int+3}

@: very slow
A: large, see invisible, deformed body, poison resistance, slowness 2, spit
poison 1, constrict 1, AC +4
a: Spit Poison, Renounce Religion, Bend Time, Temporal Distortion, Slouch, Step
From Time


You were on level 6 of the Lair of Beasts.
You worshipped Cheibriados.
Cheibriados was extremely pleased with you.
You visited 2 branches of the dungeon, and saw 21 of its levels.
You also visited: Volcano.

You collected 1516 gold pieces.
You spent 699 gold pieces at shops.

Inventory:

Hand Weapons
 K - a +3 dagger (weapon)
Missiles
 b - 58 poisoned darts (quivered)
 v - a throwing net
 L - 223 stones
Armour
 e - a +0 kite shield (worn)
 k - a +2 cloak of fire resistance (worn)
 y - a +0 helmet (worn)
 E - the +5 robe "Rebezxanex" (worn) {rF+++ Str-2 SInv}
   (You found it on level 6 of the Dungeon)

   It affects your strength (-2).
   It renders you almost immune to fire.
   It lets you see invisible.
 T - a +0 pair of gloves (worn)
 U - a +0 barding (worn)
Jewellery
 f - an uncursed ring of protection from cold {unknown}
 r - an amulet of magic regeneration (around neck)
 x - a cursed ring of attention {unknown}
 H - a ring of magical power (left hand)
 P - the amulet of the Four Winds {rN+ Will+++ Clar}
   (You bought it in a shop on level 11 of the Dungeon)

   [amulet of nothing]

   It protects you from negative energy.
   It affects your willpower, your defense against some magical effects.
   It protects you against confusion.
 S - the ring of the Mage (right hand) {Wiz Will++ Int+3}
   (You found it on level 12 of the Dungeon)

   [ring of wizardry]

   It improves your spell success rate.
   It affects your intelligence (+3).
   It affects your willpower, your defense against some magical effects.
Wands
 t - a wand of enslavement (16)
 w - a wand of polymorph (1)
 A - a wand of digging (3)
 I - a wand of iceblast (16)
 J - a wand of paralysis (14)
 N - a wand of acid (7)
 Q - a wand of disintegration (8)
Scrolls
 a - 5 scrolls of enchant weapon
 i - 11 scrolls of teleportation
 j - 3 scrolls of magic mapping
 o - 4 scrolls of noise {unknown}
 p - 4 scrolls of amnesia
 q - 5 scrolls of immolation {unknown}
 s - 10 scrolls of enchant armour {unknown}
 u - 9 scrolls of remove curse
 B - 2 scrolls of vulnerability
 C - 6 scrolls of fog {unknown}
 D - 4 scrolls of fear {unknown}
 F - 2 scrolls of acquirement {unknown}
 G - 5 scrolls of identify
 M - 2 scrolls of blinking {unknown}
 R - a scroll of random uselessness {unknown}
Potions
 c - 5 potions of might
 d - 2 potions of flight
 g - 4 potions of haste
 h - 2 potions of magic
 l - a potion of lignification
 m - 4 potions of curing
 n - 2 potions of brilliance
 z - 2 potions of attraction
 O - a potion of heal wounds
 V - 3 potions of invisibility


   Skills:
 + Level 8.7 Fighting
 - Level 1.5 Dodging
 + Level 20.4 Stealth
 - Level 9.0 Shields
 - Level 5.0 Spellcasting
 - Level 8.0 Conjurations
 - Level 1.0 Transmutations
 - Level 12.0 Earth Magic
 - Level 8.0 Invocations


You had 8 spell levels left.
You knew the following spells:

 Your Spells              Type           Power        Failure   Level
a - Sandblast             Erth           100%         1%          1
b - Passwall              Tmut/Erth      46%          1%          2
c - Stone Arrow           Conj/Erth      100%         1%          3
d - Petrify               Tmut/Erth      56%          1%          4
e - Lee's Rapid Deconstr  Erth           39%          1%          5

Your spell library contained the following spells:

 Spells                   Type           Power        Failure   Level
 Animate Skeleton         Necr           18%          1%          1
 Apportation              Tloc           18%          1%          1
 Beastly Appendage        Tmut           34%          1%          1
 Corona                   Hex            10%          1%          1
 Pain                     Necr           36%          1%          1
 Summon Small Mammal      Summ           36%          1%          1
 Swiftness                Air            9%           1%          2
 Wereblood                Tmut           17%          1%          2
 Spider Form              Tmut/Pois      6%           3%          3
 Vampiric Draining        Necr           4%           4%          3
 Ice Form                 Ice/Tmut       13%          11%         4
 Animate Dead             Necr           4%           13%         4
 Passage of Golubria      Tloc           N/A          13%         4
 Blade Hands              Tmut           8%           24%         5
 Agony                    Necr           9%           34%         5
 Invisibility             Hex            9%           87%         6


Dungeon Overview and Level Annotations

Branches:
Dungeon (15/15)            Temple (0/1) D:7            Lair (6/6) D:9
 Shoals (0/4) Lair:3       Spider (0/4) Lair:3        Slime (0/5) Lair:5
    Orc (0/2) D:10         Vaults (0/5) D:13        Volcano (visited)
 Depths: D:15

Altars:
Ashenzari
Cheibriados
Dithmenos
Elyvilon
Fedhas
Hepliaklqana
Qazlal
Ru
Wu Jian
Xom
Jiyva

Shops:
D:10 :   D:11 [!=[:   D:13 :

Annotations:
D:7 Dowan, Duvessa
D:8 1 runed translucent door, qborf's ghost, novice OpTm
Lair:3 exclusion: 2 oklob plants
Lair:4 3 runed translucent doors, Orgheunu's ghost, journeyman DDFi


Innate Abilities, Weirdness & Mutations

You cannot wear boots.
Your serpentine skin is tough. (AC +4)
You have supernaturally acute eyesight. (SInv)
Armour fits poorly on your strangely shaped body.
Your system is resistant to poisons. (rPois)
You cover ground very slowly.
You can spit poison.
You can use your snake-like lower body to constrict enemies.


Message History

The molten gargoyle is almost destroyed.
The komodo dragon bites you. The komodo dragon bites you!
The steam dragon breathes steam at you.
The ball of steam hits you but does no damage.
You hear a roar!
You hear an angry hiss.
Unknown command.
The molten gargoyle blasts magma at you!
The bolt of magma hits you. You partially resist. The komodo dragon bites you!!
* * * LOW HITPOINT WARNING * * *
You block the komodo dragon's attack.
The molten gargoyle hits you with a cursed +0 mace.
* * * LOW HITPOINT WARNING * * *
You are engulfed in flames.
You resist.
* * * LOW HITPOINT WARNING * * *
You block the komodo dragon's attack. The komodo dragon bites you!!
* * * LOW HITPOINT WARNING * * *
The komodo dragon bites you but does no damage. x2
The molten gargoyle blasts magma at you!
The bolt of magma hits you. You partially resist.
You die...

≈≈§ #...........##. §.# #
#...........#.. ##.8#8
##.<........... ##....#
#............. ##.....8
##.^.......... #......##
#............ ≈#.......##
###..........
≈§.....l..####.#.........
§≈##.§@.....#..........
#..§l9....#...........
§§...§.....####..........
≈#.§§...######...........
≈.§....## ##............
.D#..8# #............. .
#8## ###............. ##
###...............
#.................


You could see 2 komodo dragons and a molten gargoyle.

Vanquished Creatures
  Rupert (D:13)
  Nessos (D:14)
  7 hydras
  A boulder beetle (D:12)
  2 centaur warriors (D:14)
  3 two-headed ogres
  A tengu warrior (D:13)
  Sonja (Lair:2)
  A fire crab (Volcano)
  A wizard (D:13)
  A lindwurm (Volcano)
  2 cyclopes (D:13)
  An ugly thing (D:11)
  3 manticores
  2 black mambas
  An eye of devastation (Lair:5)
  11 elephants
  4 centaur skeletons
  3 gargoyles
  12 cane toads
  A rime drake (Lair:2)
  6 komodo dragons
  3 trolls
  A wolf spider simulacrum (D:14)
  A hornet (D:10)
  A snapping turtle (Lair:3)
  10 slime creatures
  24 blink frogs
  A vampire (D:10)
  2 redbacks (Lair:3)
  A water elemental (D:13)
  2 wraiths
  5 wyverns
  13 fire bats (Volcano)
  40 yaks
  4 basilisks
  A steam dragon (Volcano)
  Grum (Lair:1)
  6 wargs
  8 water moccasins
  An acid dragon (D:12)
  A hell hound (Volcano)
  7 orc warriors
  3 ice beasts
  A black bear (Lair:1)
  A phantom (D:11)
  3 sky beasts
  2 eyes of draining
  6 ogres
  15 centaurs
  14 wolves (Lair:1)
  4 big kobolds
  18 bullfrogs
  A gnoll sergeant (D:9)
  A wyvern zombie (D:11)
  4 scorpions
  A wyvern skeleton (D:12)
  23 wights
  7 howler monkeys
  2 electric eels (Lair:3)
  10 lava snakes
  A bullfrog zombie (D:11)
  12 hounds
  A quasit (D:10)
  A wyvern simulacrum (D:15)
  13 orc wizards
  Crazy Yiuf (D:7)
  7 orc priests
  A bullfrog skeleton (D:10)
  Ijyb (D:3)
  4 iguanas
  10 worker ants
  A hound zombie (D:10)
  A hound skeleton (D:3)
  A howler monkey zombie (D:5)
  8 gnolls
  18 adders
  A shadow imp (D:8)
  An ufetubus (D:10)
  An adder zombie (D:8)
  2 worms
  6 dart slugs
  4 leopard geckos
  30 orcs
  4 bats
  2 giant cockroaches
  10 goblins (D:3)
  6 hobgoblins
  19 jackals
  2 quokkas
  4 frilled lizards
  A giant cockroach zombie (D:6)
  27 kobolds
  5 rats
521 creatures vanquished.

Vanquished Creatures (collateral kills)
  A yak (D:12)
  A centaur skeleton (D:10)
  An orc (D:10)
  A jackal (D:10)
4 creatures vanquished.

Vanquished Creatures (others)
  A bush (Lair:2)
  17 fungi
  144 plants
162 creatures vanquished.

Grand Total: 687 creatures vanquished

Notes
Turn   | Place    | Note
-------+----------+-------------------------------------------
     0 | D:1      | Marmelada07 the Naga Earth Elementalist began the quest for
                  | the Orb.
     0 | D:1      | Reached XP level 1. HP: 15/15 MP: 3/3
   142 | D:1      | Reached XP level 2. HP: 20/22 MP: 5/5
   608 | D:1      | Reached XP level 3. HP: 28/28 MP: 6/6
  1158 | D:2      | Reached skill level 4 in Stealth
  1436 | D:2      | Reached XP level 4. HP: 27/36 MP: 7/7
  1637 | D:2      | Found a broken altar of Ashenzari.
  2467 | D:3      | Reached XP level 5. HP: 42/42 MP: 7/9
  3127 | D:3      | Learned a level 2 spell: Passwall
  3131 | D:3      | Learned a level 3 spell: Stone Arrow
  3192 | D:3      | Noticed Ijyb
  3210 | D:3      | Killed Ijyb
  3211 | D:3      | Reached skill level 5 in Stealth
  3687 | D:4      | Found an ornate altar of the Wu Jian Council.
  4094 | D:4      | Reached skill level 1 in Conjurations
  4094 | D:4      | Reached skill level 5 in Earth Magic
  4094 | D:4      | Reached XP level 6. HP: 39/49 MP: 8/10
  4353 | D:4      | Found a shadowy altar of Dithmenos.
  4519 | D:5      | Entered Level 5 of the Dungeon
  4602 | D:5      | Reached skill level 6 in Stealth
  4602 | D:5      | Reached XP level 7. HP: 26/55 MP: 10/12
  4609 | D:5      | Noticed Edmund
  4889 | D:5      | Noticed Edmund
  4889 | D:5      | Edmund changed into Edmund the worm
  4891 | D:5      | Killed Edmund the worm
  5123 | D:5      | Found a white marble altar of Elyvilon.
  5369 | D:5      | Found a stormy altar of Qazlal.
  5603 | D:6      | Found a white marble altar of Elyvilon.
  5605 | D:6      | Found a snail-covered altar of Cheibriados.
  5613 | D:6      | Found a sacrificial altar of Ru.
  5623 | D:6      | Became a worshipper of Cheibriados the Contemplative
  5769 | D:6      | Reached skill level 7 in Stealth
  5769 | D:6      | Reached XP level 8. HP: 43/62 MP: 9/14
  5772 | D:6      | Got a tattered robe
  5783 | D:6      | Identified the +5 robe "Rebezxanex" {rF+++ Str-2 SInv} (You
                  | found it on level 6 of the Dungeon)
  6027 | D:7      | Noticed Maggie
  6033 | D:7      | Noticed Maggie
  6033 | D:7      | Maggie changed into Maggie the iguana
  6044 | D:7      | Killed Maggie the iguana
  6341 | D:7      | Reached * piety under Cheibriados
  6349 | D:7      | Found a staircase to the Ecumenical Temple.
  6428 | D:7      | Reached skill level 8 in Stealth
  6495 | D:7      | Found a hazy altar of Hepliaklqana.
  6498 | D:7      | Noticed Duvessa
  6498 | D:7      | Noticed Dowan
  6622 | D:7      | Found a runed translucent door.
  6623 | D:7      | Noticed Crazy Yiuf
  6792 | D:7      | Killed Crazy Yiuf
  6946 | D:8      | Learned a level 4 spell: Petrify
  6952 | D:8      | Learned a level 5 spell: Lee's Rapid Deconstruction
  7171 | D:8      | Noticed Joseph
  7177 | D:8      | Noticed Joseph
  7177 | D:8      | Joseph changed into Joseph the howler monkey
  7178 | D:8      | Killed Joseph the howler monkey
  7349 | D:8      | Reached XP level 9. HP: 45/68 MP: 16/16
  7470 | D:8      | Found a runed translucent door.
  7470 | D:8      | Found a shimmering altar of Xom.
  7470 | D:8      | Noticed qborf's ghost (novice OpTm)
  7470 | D:8      | Noticed a +1 mace of chaos
  7480 | D:8      | Reached skill level 1 in Shields
  7480 | D:8      | Reached skill level 5 in Spellcasting
  7536 | D:8      | Reached skill level 9 in Stealth
  7804 | D:9      | Noticed a troll
  7950 | D:9      | Found a staircase to the Lair.
  7973 | D:9      | Reached ** piety under Cheibriados
  7984 | D:9      | Killed a troll
  7985 | D:9      | Reached skill level 10 in Stealth
  8281 | D:9      | Reached skill level 11 in Stealth
  8548 | D:9      | Reached XP level 10. HP: 70/75 MP: 17/17
  8551 | D:9      | Reached skill level 5 in Conjurations
  8553 | D:9      | Reached *** piety under Cheibriados
  8559 | D:9      | Reached skill level 12 in Stealth
  8721 | D:9      | Noticed a rust devil
  8721 | D:9      | Noticed an orange demon
  8721 | D:9      | Noticed an orange demon
  8755 | D:10     | Entered Level 10 of the Dungeon
  8998 | D:10     | Found Custresh's Book Emporium.
  9293 | D:10     | Reached **** piety under Cheibriados
  9509 | D:10     | Noticed a gargoyle
  9793 | D:10     | Reached skill level 5 in Shields
  9912 | D:10     | Killed a gargoyle
  9913 | D:10     | Reached skill level 13 in Stealth
 10027 | D:10     | Found a staircase to the Orcish Mines.
 10095 | D:10     | Reached ***** piety under Cheibriados
 10096 | D:10     | Reached XP level 11. HP: 81/81 MP: 15/18
 10256 | D:11     | Noticed a green ugly thing
 10260 | D:11     | Killed a green ugly thing
 10261 | D:11     | Reached skill level 1 in Invocations
 10465 | D:11     | Found Jaony's Antique Armour Shoppe.
 10585 | D:11     | Found Zufex's Book Emporium.
 10788 | D:11     | Found Kiuh's Jewellery Shop.
 10831 | D:11     | Found Qianaiff's Distillery.
 10902 | D:11     | Found Siodeq's Antique Armour Shoppe.
 11272 | D:11     | Bought the amulet of the Four Winds {rN+ Will+++ Clar} for
                  | 614 gold pieces
 11272 | D:11     | Found the amulet of the Four Winds {rN+ Will+++ Clar}
 11568 | D:12     | Noticed a manticore
 11615 | D:12     | Killed a manticore
 11616 | D:12     | Reached skill level 10 in Earth Magic
 12207 | D:12     | Found the ring of the Mage {Wiz Will++ Int+3}
 12222 | D:12     | You fall into a shaft and drop 2 floors!
 12224 | D:14     | Noticed a two-headed ogre
 12239 | D:14     | Reached ****** piety under Cheibriados
 12240 | D:14     | Reached skill level 5 in Invocations
 12274 | D:14     | Reached skill level 14 in Stealth
 12331 | D:14     | Noticed a centaur warrior
 12338 | D:14     | Killed a centaur warrior
 12606 | D:14     | Reached XP level 12. HP: 76/87 MP: 19/19
 12613 | D:14     | Got a heavy robe
 12624 | D:14     | Identified the +0 robe of Generosity {Harm rPois Int-4
                  | SInv} (You found it on level 14 of the Dungeon)
 13292 | D:13     | Noticed a two-headed ogre
 13295 | D:13     | Killed a two-headed ogre
 13378 | D:13     | Noticed a two-headed ogre
 13383 | D:13     | Killed a two-headed ogre
 13440 | D:13     | Found a gate to the Vaults.
 13452 | D:13     | Noticed Rupert
 13474 | D:13     | Killed Rupert
 13607 | D:13     | Found Qeihuho's Book Shop.
 13617 | D:13     | Reached skill level 15 in Stealth
 14268 | D:12     | Noticed a boulder beetle
 14283 | D:12     | Killed a boulder beetle
 14738 | D:11     | Bought a potion of heal wounds for 85 gold pieces
 15451 | D:14     | Noticed a tengu warrior
 15482 | D:13     | Killed a tengu warrior
 15574 | D:13     | Gained mutation: You can use your snake-like lower body to
                  | constrict enemies. [Naga growth]
 15574 | D:13     | Reached XP level 13. HP: 94/94 MP: 8/20
 16066 | D:14     | Found a blossoming altar of Fedhas.
 16097 | D:14     | Reached skill level 16 in Stealth
 16195 | D:14     | Noticed Nessos
 16198 | D:14     | Killed Nessos
 16342 | D:15     | Entered Level 15 of the Dungeon
 16871 | Lair:1   | Entered Level 1 of the Lair of Beasts
 17238 | Lair:1   | Reached skill level 17 in Stealth
 17388 | Lair:1   | Reached skill level 1 in Fighting
 17897 | Lair:1   | Noticed Grum
 17903 | Lair:1   | Killed Grum
 18373 | Lair:2   | Noticed Sonja
 18387 | Lair:2   | Killed Sonja
 19613 | Lair:2   | Found a shimmering altar of Xom.
 19618 | Lair:2   | Reached skill level 18 in Stealth
 20211 | Lair:3   | Found a dark tunnel.
 20219 | Volcano  | Entered a volcano
 20380 | Volcano  | Reached XP level 14. HP: 109/115 MP: 21/21
 20393 | Volcano  | Reached skill level 5 in Fighting
 20546 | Volcano  | Found a radiant altar of Vehumet.
 21316 | Lair:3   | Reached skill level 19 in Stealth
 21444 | Lair:3   | Found a hole to the Spider Nest.
 21701 | Lair:3   | Found a staircase to the Shoals.
 22171 | Lair:4   | Found a runed translucent gate.
 22172 | Lair:4   | Found a runed translucent gate.
 22173 | Lair:4   | Found a runed translucent gate.
 22176 | Lair:4   | Noticed Orgheunu's ghost (journeyman DDFi)
 22594 | Lair:4   | Found a viscous altar of Jiyva.
 22758 | Lair:5   | Found a staircase to the Slime Pits.
 24073 | Lair:6   | Entered Level 6 of the Lair of Beasts
 24288 | Lair:6   | Reached skill level 20 in Stealth
 24767 | Lair:6   | HP: 2/127 [komodo dragon (30)]
 24767 | Lair:6   | Killed from afar by a molten gargoyle

Illustrated notes

Levels and vault maps discovered:
D:1:      minmay_arrival_five_plusses, layout_rooms, serial_bayou_ford_a,
          chequers_serial_rivers_micro_e
D:2:      layout_basic, evilmike_ruin_ashenzari
D:3:      kennysheep_goblin_castle, layout_basic
D:4:      layout_loops_ring, kennysheep_little_box, lemuel_doored_altar
D:5:      layout_cave_pools, nicolae_qazlal_general_emergency, elyvilon_altar_3,
          uniq_edmund
D:6:      layout_basic, grunt_temple_overflow_open
D:7:      layout_rooms, lemuel_crystal_altar, minmay_temple_entry_arrows,
          uniq_duvessa, uniq_maggie, uniq_crazy_yiuf_cottage
D:8:      layout_basic, enter_ossuary_2, ebering_ghost_xom, uniq_joseph
D:9:      layout_rooms, lair_entry_dummy, lemuel_hellish_altar
D:10:     layout_cave_pools, david_orc_1_choice, serial_shops, shop
D:11:     layout_roguey, serial_shops, nicolae_shop_overgrown_old_shop,
          nicolae_shop_behind_doors, shop, shop,
          nicolae_shop_temple_entry_statues_fountains
D:12:     layout_roguey
D:13:     layout_roguey, david_vaults_1, serial_shops, nicolae_shop_crystal,
          minmay_misc_feat_more_columns, kennysheep_another_room,
          nooodl_orcs_dogs, uniq_rupert
D:14:     layout_rooms, fedhas_altar_2, minmay_fractal_squares_5, uniq_nessos
D:15:     hangedman_depths_entry_try_elsewhere_first, layout_stronghold,
          minivault_23
Lair:1:   layout_loops_ring, guppyfry_lair_drakes, infiniplex_staircase_pool_2,
          lemuel_fruit_tree, uniq_grum
Lair:2:   layout_long_grid, serial_forest, infiniplex_forest_clump_large,
          infiniplex_forest_clump_long, infiniplex_forest_fountain,
          infiniplex_forest_clump_curved, infiniplex_forest_end_2,
          infiniplex_forest_join, lemuel_centaur_altar, uniq_sonja
Lair:3:   layout_regular_city, minmay_shoals_entry_hut, spider_nest_entry_a,
          enter_volcano_1, grunt_megastairs_5, serial_bayou_shore_a,
          minmay_lair_oklob_chamber
Lair:4:   layout_loops_ring, gammafunk_ghost_ooze
Lair:5:   layout_cave_pods, minmay_slime_entry_eyes
Lair:6:   cheibrodos_lair_end_hotspot, layout_long_grid, st_stairs_6,
          minmay_lair_oklob_items

Skill      XL: |  1  2  3  4  5  6  7  8  9 10 11 12 13 14 |
---------------+-------------------------------------------+-----
Stealth        | 4 5 6 7 8 11 13 14 15 18 20 | 20.4
Earth Magic    | 4 5 6 7 8 9 10 11 12 | 12.0
Spellcasting   | 3 4 5 |  5.0
Conjurations   | 1 2 3 4 6 7 8 |  8.0
Shields        | 3 5 6 7 9 |  9.0
Invocations    | 6 7 8 |  8.0
Fighting       | 4 8 |  8.7
Dodging        | |  1.5
Transmutations | |  1.0

Action                   |  1- 3 |  4- 6 |  7- 9 | 10-12 | 13-15 || total
-------------------------+-------+-------+-------+-------+-------++-------
Melee: Dagger            |    40 |    64 |    41 |    85 |   128 ||   358
       Unarmed           |     2 |       |       |       |       ||     2
       Constrict         |       |       |       |       |    24 ||    24
Throw: Stone             |       |       |       |     1 |       ||     1
       Dart              |       |       |       |     3 |     6 ||     9
 Cast: Sandblast         |    17 |    51 |   152 |    68 |    58 ||   346
       Stone Arrow       |       |       |     3 |   248 |   205 ||   456
       Lee's Rapid Decon |       |       |       |    16 |    30 ||    46
       Petrify           |       |       |       |       |     2 ||     2
Invok: Slouch            |       |       |       |       |     6 ||     6
 Abil: Spit Poison       |    18 |    34 |    19 |    20 |     4 ||    95
Evoke: Wand              |       |       |     6 |    10 |       ||    16
  Use: Scroll            |       |     5 |     7 |     3 |     7 ||    22
       Potion            |       |       |     2 |     4 |       ||     6
 Stab: Sleeping          |       |     4 |     4 |    11 |    25 ||    44
       Distracted        |       |     2 |     1 |     1 |     1 ||     5
       Paralysed         |       |       |       |     3 |       ||     3
       Petrified         |       |       |       |       |     1 ||     1
Armor: Robe              |     8 |    17 |    41 |    84 |   168 ||   318
       Skin              |       |       |     1 |     2 |       ||     3
Dodge: Dodged            |    26 |    61 |    57 |   101 |   100 ||   345
Block: Buckler           |       |       |    17 |    25 |       ||    42
       Kite shield       |       |       |       |   109 |   299 ||   408

Table legend: (Time is in decaauts)
 A = Elapsed time spent in this place.
 B = Non-inter-level travel time spent in this place.
 C = Inter-level travel time spent in this place.
 D = Time resting spent in this place.
 E = Time spent auto-exploring this place.
 F = Levels seen in this place.
 G = Mean time per level.
                   A        B        C        D        E       F      G
               +--------+--------+--------+--------+--------+-----+--------+
         Total |  40178 |  37888 |   2290 |   5579 |  26491 |  22 | 1826.3 |
       Dungeon |  24840 |  22925 |   1915 |   4401 |  14433 |  15 | 1656.0 |
          Lair |  14435 |  14060 |    375 |   1102 |  11680 |   6 | 2405.8 |
       Volcano |    902 |    902 |      0 |     76 |    377 |   1 |  902.0 |
               +--------+--------+--------+--------+--------+-----+--------+

Top non-repeatable levels by time:
  Lair:2: 3537 daAuts
    D:13: 3525 daAuts
  Lair:5: 2726 daAuts
  Lair:3: 2559 daAuts
  Lair:1: 2513 daAuts
    D:12: 2495 daAuts
    D:10: 2127 daAuts
    D:11: 2054 daAuts
    D:14: 1870 daAuts
     D:3: 1814 daAuts
  Lair:4: 1788 daAuts
     D:9: 1763 daAuts
     D:8: 1512 daAuts
     D:2: 1479 daAuts
  Lair:6: 1309 daAuts
